 Dungeon Crawl Stone Soup version 0.23-a0-650-ga4d50d4 (webtiles) character file.

2863 JimmyWheeler the Firebug (level 10, -3/56 HPs)
             Began as a Kobold Fire Elementalist on Jan 3, 2019.
             Was a Believer of Sif Muna.
             Killed from afar by an orc wizard (7 damage)
             ... with a magic dart
             ... on level 7 of the Dungeon.
             The game lasted 01:16:34 (9549 turns).

JimmyWheeler the Firebug (Kobold Fire Elementalist) Turns: 9549, Time: 01:16:34

Health: -3/56      AC:  4    Str: 12    XL:     10   Next: 4%
Magic:  6/14       EV: 17    Int: 18    God:    Sif Muna [**....]
Gold:   327        SH:  2    Dex: 16    Spells: 2/15 levels left

rFire    + + .     SeeInvis .   C - +2 short sword (freeze)
rCold    . . .     Gourm    .   (shield restricted)
rNeg     . . .     Faith    .   a - +0 robe
rPois    +         Spirit   .   b - +1 helmet
rElec    +         Reflect  +   (no cloak)
rCorr    +         Harm     .   (no gloves)
MR       +....                  (no boots)
Stlth    ++++......             i - +2 amulet of reflection
HPRegen  0.18/turn              d - ring of protection from magic
MPRegen  0.14/turn              y - ring of fire

@: mighty, resistant, flying
A: small, carnivore
a: Divine Energy, Renounce Religion


You were on level 7 of the Dungeon.
You worshipped Sif Muna.
Sif Muna was pleased with you.
You were full.

You visited 2 branches of the dungeon, and saw 8 of its levels.

You collected 327 gold pieces.

Inventory:

Hand Weapons
 e - a +0 dagger
 n - a +0 short sword of speed
 u - a +0 rapier
 B - a +1 dagger of holy wrath
 C - a +2 short sword of freezing (weapon)
 D - a cursed +0 short sword of venom
Missiles
 g - 209 stones (quivered)
Armour
 a - a +0 robe (worn)
 b - a +1 helmet (worn)
Jewellery
 d - a ring of protection from magic (left hand)
 i - a +2 amulet of reflection (around neck)
 y - a ring of fire (right hand)
 A - an uncursed ring of see invisible
Scrolls
 f - a scroll of identify
 j - a scroll of fog
 k - 2 scrolls of enchant armour {unknown}
 l - a scroll of fear {unknown}
 q - a scroll of magic mapping {unknown}
 r - 2 scrolls of remove curse {unknown}
 s - 2 scrolls of enchant weapon {unknown}
 t - a scroll of random uselessness {unknown}
 w - 2 scrolls of teleportation {unknown}
Potions
 h - a potion of might
 m - 2 potions of invisibility
 o - 2 potions of flight
 v - a potion of haste {unknown}
 x - a potion of agility {unknown}
 z - a potion of curing {unknown}
 E - a potion of brilliance {unknown}
Comestibles
 c - 8 rations


   Skills:
 + Level 3.2 Fighting
 * Level 5.6 Short Blades
 + Level 0.4 Armour
 - Level 4.1 Dodging
 + Level 7.3 Stealth
 * Level 3.2 Spellcasting
 * Level 6.9 Conjurations
 + Level 2.9 Hexes
 + Level 7.4 Fire Magic


You had 2 spell levels left.
You knew the following spells:

 Your Spells              Type           Power        Failure   Level  Hunger
a - Flame Tongue          Conj/Fire      #####        1%          1    None
b - Throw Flame           Conj/Fire      #####.       1%          2    ##.....
c - Conjure Flame         Conj/Fire      #####...     2%          3    ###....
d - Inner Flame           Hex/Fire       ####....     5%          3    ###....
e - Sticky Flame          Conj/Fire      #####...     9%          4    ####...

Your spell library contained the following spells:

 Spells                   Type           Power        Failure   Level  Hunger
 Fireball                 Conj/Fire      #####.....   22%         5    ######.


Dungeon Overview and Level Annotations

Branches:
Dungeon (7/15)             Temple (1/1) D:6

Altars:
Dithmenos
Fedhas
Hepliaklqana
Makhleb
Nemelex Xobeh
Okawaru
Qazlal
Sif Muna
Trog
Uskayaw
Vehumet
Xom
Yredelemnul
Zin

Shops:
D:6 *

Annotations:
D:3 Robin
D:5 1 runed door, Dowan; Duvessa; TheGoonsmith's ghost, novice DsCK
D:7 Prince Ribbit


Innate Abilities, Weirdness & Mutations

You are small and have problems with some larger weapons.
You are carnivorous and can eat meat at any time.


Message History

The hippogriff pecks you.
* * * LOW HITPOINT WARNING * * *
The hippogriff claws you.
* * * LOW HITPOINT WARNING * * *
The orc wizard casts a spell at you. You resist with almost no effort.
It was a potion of flight.
You feel very buoyant.
You fly up into the air.
The orc wizard mumbles some strange words.
The orc wizard blinks!
A crimson imp comes into view.
The hippogriff misses you. The hippogriff pecks you.
* * * LOW HITPOINT WARNING * * *
The hippogriff barely misses you.
It was a potion of resistance.
You feel protected.
The orc wizard gestures at you while chanting.
The magic dart hits you!
You die...

#....#
..#########....###############
..............................
.....g)†......)...............
........#######........#######
..#####.# #........# . #.#
#........# #.#######........#
...o...@H......###
.5############.# .#. #.# #.#
.. # ## #. #.


You could see a hippogriff, an orc wizard and a crimson imp.

Vanquished Creatures
  Grinder (D:6)
  Menkaure (D:4)
  3 ice beasts
  An orc warrior (D:6)
  2 phantoms (D:4)
  A sky beast (D:5)
  4 ogres
  A centaur (D:5)
  Blork the orc (D:4)
  2 bullfrogs (D:6)
  2 scorpions
  10 wights
  A bullfrog zombie (D:6)
  An orc priest (D:3)
  3 bullfrog skeletons
  A gnoll shaman (D:4)
  2 hounds
  3 orc wizards
  Ijyb (D:3)
  6 worker ants
  A howler monkey zombie (D:5)
  2 worker ant zombies
  7 gnolls
  8 adders
  An ooze (D:5)
  4 worms
  2 adder skeletons
  3 dart slugs (D:2)
  5 leopard geckos
  18 orcs
  3 ball pythons
  7 bats
  5 giant cockroaches
  16 goblins
  8 hobgoblins
  4 jackals (D:4)
  9 kobolds
  2 quokkas
  2 frilled lizards (D:2)
  2 quokka skeletons
  4 rats
160 creatures vanquished.

Notes
Turn   | Place    | Note
-------+----------+-------------------------------------------
     0 | D:1      | JimmyWheeler the Kobold Fire Elementalist began the quest
                  | for the Orb.
     0 | D:1      | Reached XP level 1. HP: 10/10 MP: 3/3
   237 | D:1      | Reached XP level 2. HP: 15/15 MP: 1/5
   450 | D:1      | Learned a level 2 spell: Throw Flame
   939 | D:1      | Reached skill level 1 in Short Blades
   939 | D:1      | Reached XP level 3. HP: 19/19 MP: 4/6
  1220 | D:2      | Noticed an ogre
  1670 | D:2      | Found a shimmering altar of Xom.
  1673 | D:2      | Found a glowing silver altar of Zin.
  1676 | D:2      | Found a deep blue altar of Sif Muna.
  1679 | D:2      | Found a burning altar of Makhleb.
  1807 | D:2      | Reached XP level 4. HP: 24/24 MP: 3/7
  1920 | D:2      | Killed an ogre
  1920 | D:2      | Reached XP level 5. HP: 18/28 MP: 0/8
  2727 | D:3      | Reached XP level 6. HP: 19/32 MP: 3/9
  2973 | D:3      | Learned a level 3 spell: Conjure Flame
  3094 | D:3      | Noticed Robin
  3580 | D:3      | Found a stormy altar of Qazlal.
  3595 | D:3      | Noticed Ijyb
  3630 | D:3      | Killed Ijyb
  4355 | D:4      | Noticed a phantom
  4383 | D:4      | Reached XP level 7. HP: 33/36 MP: 0/10
  4400 | D:4      | Noticed Blork the orc
  4783 | D:4      | Killed Blork the orc
  4783 | D:4      | Reached skill level 5 in Fire Magic
  4889 | D:4      | Noticed Menkaure
  4955 | D:4      | Reached skill level 5 in Stealth
  5197 | D:4      | Reached XP level 8. HP: 34/41 MP: 3/12
  5273 | D:4      | Killed Menkaure
  5742 | D:2      | Became a worshipper of Sif Muna the Loreminder
  5824 | D:5      | Entered Level 5 of the Dungeon
  5824 | D:5      | Noticed Duvessa
  5824 | D:5      | Noticed Dowan
  6002 | D:5      | Reached skill level 5 in Conjurations
  6200 | D:5      | Learned a level 3 spell: Inner Flame
  6486 | D:4      | HP: 2/41 [scorpion (6)]
  6760 | D:5      | Reached skill level 1 in Fighting
  6760 | D:5      | Reached skill level 1 in Hexes
  6874 | D:5      | Found a runed door.
  6875 | D:5      | Noticed TheGoonsmith's ghost (novice DsCK)
  7052 | D:6      | Noticed Grinder
  7057 | D:6      | Killed Grinder
  7057 | D:6      | Reached * piety under Sif Muna
  7057 | D:6      | Reached XP level 9. HP: 36/48 MP: 9/13
  7719 | D:6      | Found a staircase to the Ecumenical Temple.
  7735 | Temple   | Entered the Ecumenical Temple
  7826 | D:6      | Learned a level 4 spell: Sticky Flame
  8431 | D:6      | Reached skill level 5 in Short Blades
  8493 | D:6      | Found Reib's Assorted Antiques.
  8857 | D:6      | Found a blossoming altar of Fedhas.
  8983 | D:7      | Noticed Prince Ribbit
  8990 | D:7      | Noticed a hippogriff
  9165 | D:7      | Reached ** piety under Sif Muna
  9361 | D:7      | Reached XP level 10. HP: 56/56 MP: 12/14
  9549 | D:7      | Killed from afar by an orc wizard

Vault maps used:
D:1:      elethiomel_arrival_quiet
D:2:      grunt_temple_overflow_cloverleaf, minmay_tromino_v4_b
D:3:      first_ration, kennysheep_another_room, grunt_qazlal_clouds, uniq_ijyb,
          uniq_robin
D:4:      minivault_14, uniq_blork_the_orc, uniq_menkaure
D:5:      hellmonk_ghost_happy_afterlife, minmay_circle_x, uniq_duvessa
D:6:      minmay_temple_entry_steel_oval, serial_shops, nicolae_shop_waterfront,
          fedhas_altar_4, uniq_grinder
D:7:      gammafunk_temple_overflow_statue, uniq_prince_ribbit1
Temple:   regret_index_temple_sphere_string

Skill      XL: |  1  2  3  4  5  6  7  8  9 |
---------------+----------------------------+-----
Stealth        | 3 4 5 6 7 |  7.3
Short Blades   | 1 2 4 5 |  5.6
Conjurations   | 2 3 4 5 6 |  6.9
Dodging        | 3 4 |  4.1
Fire Magic     | 4 5 6 7 |  7.4
Spellcasting   | 3 |  3.2
Fighting       | 1 3 |  3.2
Hexes          | 1 2 |  2.9
Armour         | |  0.4

Action                   |  1- 3 |  4- 6 |  7- 9 | 10-12 || total
-------------------------+-------+-------+-------+-------++-------
Melee: Dagger            |    15 |    25 |    12 |       ||    52
       Short sword       |       |    10 |     6 |     5 ||    21
       Rapier            |       |       |    95 |       ||    95
 Cast: Flame Tongue      |    43 |   101 |   248 |    22 ||   414
       Throw Flame       |     4 |     9 |    21 |     1 ||    35
       Conjure Flame     |       |     2 |    11 |     1 ||    14
       Inner Flame       |       |       |     1 |       ||     1
  Use: Potion            |       |     3 |     2 |     3 ||     8
       Scroll            |       |     2 |     4 |       ||     6
 Stab: Sleeping          |       |     4 |     4 |       ||     8
  Eat: Chunk             |     7 |    14 |    16 |       ||    37
Armor: Robe              |     2 |     6 |    19 |     3 ||    30
Dodge: Dodged            |    13 |    60 |   142 |    23 ||   238
Block: Other             |       |     4 |     6 |     1 ||    11

Table legend:
 A = Non-vault XP
 B = Vault XP
 C = Vault XP percentage of total XP
 D = Non-vault monster count
 E = Vault monster count
 F = Vault count percentage of total count
                 A         B        C        D         E       F
            +---------+---------+-------+---------+---------+-------
      Total |    3301 |     789 |  19.3 |     138 |      22 |  13.8
            +---------+---------+-------+---------+---------+-------
        D:1 |      29 |       0 |   0.0 |      15 |       0 |   0.0
        D:2 |     210 |      19 |   8.3 |      24 |      11 |  31.4
        D:3 |     174 |      42 |  19.4 |      24 |       4 |  14.3
        D:4 |     558 |     300 |  35.0 |      22 |       3 |  12.0
        D:5 |     443 |     142 |  24.3 |      18 |       3 |  14.3
        D:6 |    1408 |     286 |  16.9 |      23 |       1 |   4.2
        D:7 |     479 |       0 |   0.0 |      12 |       0 |   0.0
            +---------+---------+-------+---------+---------+-------
